 Dungeon Crawl Stone Soup version 0.22.1-1-ga44c0e5 (webtiles) character file.

24692 Anon1729 the Covert (level 12, -10/51 HPs)
             Began as a Felid Earth Elementalist on Nov 8, 2018.
             Was an Elder of Vehumet.
             Mangled by a komodo dragon (29 damage)
             ... on level 3 of the Lair of Beasts.
             The game lasted 01:14:45 (30584 turns).

Anon1729 the Covert (Felid Earth Elementalist)     Turns: 30584, Time: 01:14:45

Health: -10/51     AC:  3    Str:  6    XL:     12   Next: 82%
Magic:  25/27      EV: 26    Int: 20    God:    Vehumet [****..]
Gold:   1082       SH:  0    Dex: 18    Spells: 6/31 levels left
                                        Lives:  0   Deaths: 3

rFire    . . .     SeeInvis +     - Unarmed
rCold    + . .     Gourm    .   (shield unavailable)
rNeg     + + .     Faith    .   (armour unavailable)
rPois    .         Spirit   .   (helmet unavailable)
rElec    .         Reflect  .   (cloak unavailable)
rCorr    .         Harm     .   (gloves unavailable)
MR       +....                  (boots unavailable)
Stlth    ++++++....             t - amulet "Ymeaweat" {RegenMP rN++}
HPRegen  0.17/turn              y - ring of stealth
MPRegen  0.45/turn              q - +2 ring of dexterity

@: quick
A: very small, no armour, no weapons or thrown items, stealth, claws 1, fangs 3,
see invisible, carnivore, speed 1, shaggy fur 3, slow metabolism 1, sharp paws
a: Renounce Religion


You were on level 3 of the Lair of Beasts.
You worshipped Vehumet.
Vehumet was greatly pleased with you.
You were completely stuffed.

You visited 3 branches of the dungeon, and saw 20 of its levels.
You also visited: Sewer.

You collected 1082 gold pieces.

Inventory:

Missiles
 b - 182 stones
Jewellery
 f - an uncursed ring of ice
 q - a +2 ring of dexterity (right paw)
 t - the amulet "Ymeaweat" (around neck) {RegenMP rN++}
   (You found it on level 5 of the Dungeon)

   [amulet of magic regeneration]

   It increases your magic regeneration.
   It greatly protects you from negative energy.
 y - a ring of stealth (left paw)
 B - an uncursed ring of protection from cold
 M - an uncursed ring of ice
Wands
 m - a wand of iceblast (10)
 p - a wand of enslavement (4)
 C - a wand of random effects (54)
 E - a wand of acid (6)
 J - a wand of polymorph (30)
 P - a wand of digging (28)
 Q - a wand of paralysis (31)
 S - a wand of clouds (7)
 T - a wand of flame (51)
Scrolls
 a - 3 scrolls of fear
 d - 13 scrolls of teleportation
 i - 4 scrolls of amnesia
 j - 11 scrolls of remove curse
 u - 2 scrolls of blinking
 v - a scroll of holy word
 x - 3 scrolls of magic mapping
 G - 6 scrolls of fog
 H - a scroll of summoning
 I - a scroll of random uselessness {unknown}
 L - a scroll of torment {unknown}
 O - a scroll of brand weapon {unknown}
 R - a scroll of immolation {unknown}
Potions
 g - 2 potions of agility
 l - 3 potions of flight
 n - 3 potions of invisibility
 o - a potion of ambrosia {unknown}
 s - 2 potions of lignification
 w - 2 potions of might
 z - 3 potions of haste
 D - 5 potions of curing
 F - a potion of resistance
 K - 3 potions of heal wounds
 N - 2 potions of brilliance
 U - a potion of cancellation {unknown}
 V - a potion of magic {unknown}
 W - a potion of mutation {unknown}
Miscellaneous
 e - a phantom mirror
Comestibles
 c - 42 rations


   Skills:
 + Level 5.2 Fighting
 + Level 10.1 Dodging
 + Level 11.0 Stealth
 + Level 5.3 Unarmed Combat
 * Level 10.0 Spellcasting
 + Level 6.3 Conjurations
 - Level 2.1 Hexes
 + Level 1.5 Charms
 + Level 8.9 Translocations
 * Level 10.3 Transmutations
 + Level 1.2 Air Magic
 * Level 10.2 Earth Magic
 + Level 7.5 Evocations


You had 6 spell levels left.
You knew the following spells:

 Your Spells              Type           Power        Failure   Level  Hunger
a - Sandblast             Erth           ######       1%          1    None
b - Stone Arrow           Conj/Erth      #####.       1%          3    None
c - Passwall              Tmut/Erth      ######..     1%          2    None
d - Petrify               Tmut/Erth      ######..     1%          4    ##.....
e - Lee's Rapid Deconstr  Erth           ######....   1%          5    ####...
f - Apportation           Tloc           #####.       1%          1    None
g - Searing Ray           Conj           #####.       1%          2    None
h - Swiftness             Chrm/Air       ###.....     6%          2    None
i - Yara's Violent Unrav  Hex/Tmut       #####.....   4%          5    ####...

Your spell library contained the following spells:

 Spells                   Type           Power        Failure   Level  Hunger
 Bolt of Cold             Conj/Ice       ###.......   54%         6    ######.
 Magic Dart               Conj           ####         1%          1    None
 Shock                    Conj/Air       ####         1%          1    None
 Dazzling Spray           Conj/Hex       ####..       1%          3    None
 Static Discharge         Conj/Air       ####....     1%          3    None
 Force Lance              Conj/Tloc      #####...     1%          4    ##.....
 Iskenderun's Mystic Bla  Conj           #####...     1%          4    ##.....
 Confusing Touch          Hex            ###...       2%          1    None
 Fulminant Prism          Conj/Hex       ####......   3%          4    ##.....
 Animate Skeleton         Necr           N/A          7%          1    None
 Summon Small Mammal      Summ           ##..         7%          1    None
 Airstrike                Air            ###.......   11%         4    ##.....
 Lightning Bolt           Conj/Air       ####......   11%         5    ####...
 Malign Gateway           Summ/Tloc      ####......   100%        7    #######
 Monstrous Menagerie      Summ           ##........   100%        7    #######
 Summon Greater Demon     Summ           ##........   100%        7    #######
 Summon Horrible Things   Summ           ##........   100%        8    #######


Dungeon Overview and Level Annotations

Branches:
Dungeon (15/15)            Temple (1/1) D:7            Lair (4/6) D:8
 Shoals (0/4) Lair:2        Snake (0/4) Lair:4          Orc (0/2) D:9
 Vaults (0/5) D:13
 Depths: D:15

Altars:
Ashenzari
Cheibriados
Dithmenos
Elyvilon
Fedhas
Gozag
Hepliaklqana
Kikubaaqudgha
Makhleb
Nemelex Xobeh
Okawaru
Qazlal
Ru
Sif Muna
Trog
Uskayaw
Vehumet
Wu Jian
Xom
Yredelemnul
Zin
The Shining One
Beogh
Jiyva

Shops:
D:6 %   D:10 }   D:11 (   D:12 [   D:13 [

Annotations:
D:8 3 runed doors, Jaiteiro's ghost, novice HaHu
D:14 3 runed doors, Jaiteiro's ghost, journeyman GnFi
D:15 Louise


Innate Abilities, Weirdness & Mutations

You cannot wear armour.
You are incapable of wielding weapons or throwing items.
Your paws allow you to move quietly. (Stealth)
You have sharp claws.
You have razor-sharp teeth.
You have supernaturally acute eyesight. (SInv)
You are carnivorous and can eat meat at any time.
You cover ground quickly.
Your thick and shaggy fur keeps you warm. (AC +3, rC+)
You have a slow metabolism.
Your sharp claws are effective at attacking unaware monsters.


Message History

Confirm with . or Enter, or press ? or * to list all spells.
Aiming: Sandblast (safe; 1% risk of failure)
Press: ? - help, Shift-Dir - straight line, f/p - komodo dragon
Aim: a komodo dragon (moderately wounded)
The blast of sand hits the komodo dragon.
The komodo dragon is severely wounded.
b - 183 stones The komodo dragon bites you!!
Ouch! That really hurt!
Casting: Sandblast (safe; 1% risk of failure)
Confirm with . or Enter, or press ? or * to list all spells.
Aiming: Sandblast (safe; 1% risk of failure)
Press: ? - help, Shift-Dir - straight line, f/p - komodo dragon
Aim: a komodo dragon (severely wounded)
The blast of sand hits the komodo dragon.
The komodo dragon is almost dead.
b - 182 stones The komodo dragon bites you!!
Ouch! That really hurt!
You die...

#..# #.....P...............
#..# #.....#.............P#
#.## ##..........#..P####.##
#.## #...#.......##### ##.#
#..# ##.....#....## #P.# #.##
#....#.......# #..## #.#
##..........## ##..# #.#
#P....l.....# #..#? #.#
###....@.....#######PPPP #.#
#..................PPPPP #.##
###................PP.P. #.#≈
###...............PPP.PP
###P♣♣♣#.........P......PPP.P.P
#♣♣PP...#...#####........PP.PP
#♣≈≈≈........# #.......PP..PPP
#P≈≈≈........# ##.......PPPPP.
#≈P≈PP.......## #..P######....


You could see a komodo dragon.

Vanquished Creatures
  Snorg (Lair:3)
  Fannar (D:12)
  Erolcha (D:11)
  4 hydras
  4 centaur warriors
  2 dancing weapons (D:13)
  2 two-headed ogres
  A death yak (Lair:2)
  3 unseen horrors
  5 skeletal warriors (D:14)
  A wizard (D:12)
  4 deep elf magi
  2 cyclopes
  2 orc sorcerers (D:12)
  7 ugly things
  A guardian serpent (shapeshifter) (D:14)
  A merfolk siren (Lair:2)
  2 centaur zombies (D:12)
  4 black mambas
  A gargoyle (D:11)
  7 spiny frogs
  A torpor snail (Lair:2)
  An efreet (D:13)
  4 komodo dragons
  2 freezing wraiths (D:14)
  4 trolls
  A polar bear (Lair:2)
  A red devil (D:9)
  A wolf spider simulacrum (D:15)
  3 slime creatures (D:14)
  5 hippogriffs
  5 blink frogs (Lair:1)
  5 dream sheep
  A meliai zombie (D:10)
  A wraith (D:10)
  A shadow (D:14)
  7 spriggans (Lair:1)
  A wyvern (D:8)
  4 basilisks
  A vampire (D:10)
  10 yaks
  A steam dragon (D:10)
  2 acid dragons
  6 water moccasins
  4 orc warriors
  4 porcupines
  Purgy (Sewer)
  3 black bears
  2 sky beasts
  3 ice beasts
  4 ogres
  3 phantoms
  18 centaurs
  5 wolves (Lair:1)
  8 crocodiles
  3 big kobolds
  17 bullfrogs
  A water moccasin zombie (D:9)
  A wyvern skeleton (D:10)
  6 scorpions
  14 wights
  12 killer bees
  3 howler monkeys
  8 crimson imps
  11 hounds
  A quasit (D:12)
  3 jellies
  Crazy Yiuf (D:3)
  2 bullfrog skeletons (D:5)
  5 orc priests
  3 centaur skeletons
  An iguana (D:7)
  10 orc wizards
  12 worker ants
  2 hound zombies
  3 worker ant zombies
  Robin (D:2)
  A gnoll (D:1)
  7 adders
  4 shadow imps
  2 oozes
  4 adder zombies
  2 adder skeletons
  4 dart slugs
  9 leopard geckos
  50 orcs
  2 ball pythons
  5 giant cockroaches
  11 goblins
  9 hobgoblins
  17 jackals
  26 kobolds
  3 quokkas
  5 bats
  9 frilled lizards
  A jackal skeleton (D:5)
  2 leopard gecko skeletons
  A quokka skeleton (D:9)
  8 rats
481 creatures vanquished.

Vanquished Creatures (collateral kills)
  4 centaurs (D:11)
4 creatures vanquished.

Vanquished Creatures (others)
  An orc warrior (D:12)
  2 fungi
  A plant (Lair:3)
4 creatures vanquished.

Grand Total: 489 creatures vanquished

Notes
Turn   | Place    | Note
-------+----------+-------------------------------------------
     0 | D:1      | Anon1729 the Felid Earth Elementalist began the quest for
                  | the Orb.
     0 | D:1      | Reached XP level 1. HP: 7/7 MP: 4/4
   229 | D:1      | Reached XP level 2. HP: 9/11 MP: 4/6
   477 | D:1      | Reached skill level 3 in Stealth
   706 | D:1      | Reached XP level 3. HP: 15/15 MP: 4/7
  1598 | D:2      | Reached XP level 4. HP: 15/18 MP: 7/9
  1610 | D:2      | Noticed Robin
  1653 | D:2      | Killed Robin
  1653 | D:2      | Reached skill level 1 in Fighting
  1725 | D:1      | Reached skill level 1 in Unarmed Combat
  2546 | D:2      | Found a snail-covered altar of Cheibriados.
  3212 | D:3      | Found a glowing drain.
  3219 | D:3      | Reached XP level 5. HP: 16/22 MP: 10/10
  3285 | Sewer    | Entered a sewer
  3306 | Sewer    | Learned a level 2 spell: Passwall
  3310 | Sewer    | Learned a level 3 spell: Stone Arrow
  3315 | Sewer    | Learned a level 4 spell: Petrify
  3478 | Sewer    | Noticed Purgy
  3553 | Sewer    | Killed Purgy
  4197 | D:3      | Found a runed door.
  4288 | D:3      | Gained mutation: You are covered in thick fur. (AC +2)
                  | [Felid growth]
  4288 | D:3      | Reached XP level 6. HP: 10/25 MP: 0/12
  4808 | D:3      | Noticed Crazy Yiuf
  4822 | D:3      | Killed Crazy Yiuf
  4988 | D:4      | Reached skill level 4 in Stealth
  5690 | D:4      | Found a glowing silver altar of Zin.
  5837 | D:5      | Entered Level 5 of the Dungeon
  5880 | D:5      | Reached XP level 7. HP: 26/30 MP: 11/14
  6126 | D:5      | Found a sacrificial altar of Ru.
  7850 | D:5      | Got a heavily runed sapphire amulet
  7944 | D:5      | Identified the amulet "Ymeaweat" {RegenMP rN++} (You found
                  | it on level 5 of the Dungeon)
  8046 | D:6      | Reached skill level 5 in Stealth
  8046 | D:6      | Reached skill level 1 in Evocations
  8073 | D:6      | Found a deep blue altar of Sif Muna.
  8242 | D:6      | Found Nypa's Food Boutique.
  8349 | D:6      | Reached skill level 5 in Dodging
  8349 | D:6      | Reached skill level 1 in Conjurations
  8349 | D:6      | Reached XP level 8. HP: 15/34 MP: 13/15
  8548 | D:6      | Reached skill level 5 in Earth Magic
  8617 | D:6      | Found a basalt altar of Yredelemnul.
  8741 | D:6      | Found a shattered altar of Ashenzari.
  9399 | D:6      | Found a hide-covered altar of Uskayaw.
  9663 | D:7      | Noticed a hippogriff
  9677 | D:7      | Killed a hippogriff
  9677 | D:7      | Reached skill level 5 in Spellcasting
  9704 | D:7      | Learned a level 1 spell: Apportation
  9896 | D:7      | Found a staircase to the Ecumenical Temple.
  9907 | Temple   | Entered the Ecumenical Temple
 10057 | Temple   | Became a worshipper of Vehumet
 10173 | D:7      | Found a hazy altar of Hepliaklqana.
 10174 | D:7      | Found a shimmering altar of Xom.
 10175 | D:7      | Noticed a spectral ugly thing
 10411 | D:7      | Found an ornate altar of the Wu Jian Council.
 10750 | D:7      | Reached skill level 6 in Stealth
 11040 | D:7      | Reached XP level 9. HP: 14/38 MP: 3/18
 11578 | D:8      | Found an ancient bone altar of Kikubaaqudgha.
 11578 | D:8      | Found a glowing golden altar of the Shining One.
 12099 | D:8      | Reached skill level 1 in Translocations
 12143 | D:8      | Learned a level 5 spell: Lee's Rapid Deconstruction
 12146 | D:8      | Found a sparkling altar of Nemelex Xobeh.
 12206 | D:8      | Reached * piety under Vehumet
 12206 | D:8      | Offered knowledge of Freeze by Vehumet.
 12295 | D:8      | Noticed a komodo dragon
 12328 | D:8      | Killed a komodo dragon
 12412 | D:8      | Found a runed gate.
 12412 | D:8      | Found a runed gate.
 12415 | D:8      | Found a runed gate.
 12418 | D:8      | Noticed Jaiteiro's ghost (novice HaHu)
 12455 | D:8      | Found a white marble altar of Elyvilon.
 12593 | D:8      | Found a staircase to the Lair.
 12918 | D:8      | Found a roughly hewn altar of Beogh.
 12958 | D:9      | Noticed a hell beast
 12959 | D:9      | Found an ancient bone altar of Kikubaaqudgha.
 12959 | D:9      | Noticed a hell beast
 12961 | D:9      | Noticed a red devil
 12962 | D:9      | Noticed a rust devil
 13022 | D:9      | Killed a red devil
 13022 | D:9      | Reached XP level 10. HP: 43/43 MP: 20/20
 13653 | D:9      | Reached skill level 7 in Stealth
 13887 | D:9      | Found a staircase to the Orcish Mines.
 14529 | D:9      | Offered knowledge of Flame Tongue by Vehumet.
 14529 | D:9      | Reached skill level 5 in Transmutations
 14533 | D:9      | Learned a level 2 spell: Searing Ray
 14554 | D:9      | Reached ** piety under Vehumet
 14906 | D:10     | Entered Level 10 of the Dungeon
 15328 | D:10     | Found a stormy altar of Qazlal.
 15845 | D:10     | Learned a level 2 spell: Swiftness
 15915 | D:10     | Offered knowledge of Throw Frost by Vehumet.
 15972 | D:10     | Found Xakicaano's Gadget Emporium.
 16215 | D:11     | Noticed Erolcha
 16459 | D:11     | Noticed a cyan ugly thing
 16527 | D:11     | Noticed a red ugly thing
 16528 | D:11     | Noticed a gargoyle
 16556 | D:11     | Killed a gargoyle
 16856 | D:11     | Reached XP level 11. HP: 25/46 MP: 15/22
 17075 | D:11     | Killed a red ugly thing
 17075 | D:11     | Reached *** piety under Vehumet
 17075 | D:11     | Reached skill level 8 in Stealth
 17078 | D:11     | Killed Erolcha
 17078 | D:11     | Reached skill level 5 in Fighting
 17083 | D:11     | Killed a red ugly thing
 17297 | D:11     | Noticed a red ugly thing
 17311 | D:11     | Shot with an arrow by a centaur
 17312 | D:11     | Reached XP level 10. HP: -8/44 MP: 11/21
 17316 | D:11     | Found Xetian's Weapon Shoppe.
 17384 | D:11     | Killed a red ugly thing
 18049 | D:11     | Noticed a cyclops
 18061 | D:11     | Killed a cyclops
 18139 | D:12     | Offered knowledge of Throw Icicle by Vehumet.
 18453 | D:12     | Noticed an orc sorcerer
 18453 | D:12     | Noticed a cyclops
 18455 | D:12     | Noticed an orc sorcerer
 18456 | D:12     | Noticed a wizard
 18459 | D:12     | Noticed a deep elf mage
 18461 | D:12     | Noticed Fannar
 18514 | D:12     | Noticed an unseen horror
 18588 | D:12     | Reached skill level 5 in Translocations
 18711 | D:12     | Reached skill level 5 in Unarmed Combat
 18916 | D:12     | Killed an unseen horror
 19154 | D:12     | Killed a cyclops
 19154 | D:12     | Reached skill level 5 in Evocations
 19353 | D:12     | Killed a deep elf mage
 19367 | D:12     | Killed a wizard
 19367 | D:12     | Reached XP level 11. HP: 39/47 MP: 16/23
 19401 | D:12     | Killed an orc sorcerer
 19440 | D:12     | Reached **** piety under Vehumet
 19467 | D:12     | Noticed a deep elf mage
 19474 | D:12     | Killed a deep elf mage
 19478 | D:12     | Killed an orc sorcerer
 19757 | D:12     | Killed Fannar
 19757 | D:12     | Reached skill level 9 in Stealth
 19877 | D:12     | Offered knowledge of Yara's Violent Unravelling by Vehumet.
 20177 | D:12     | Found Reiraciosch's Antique Armour Emporium.
 20347 | D:13     | Noticed an enchanted long sword
 20349 | D:13     | Noticed an enchanted long sword
 20361 | D:13     | HP: 1/47 [bullfrog (7)]
 20365 | D:13     | Killed an enchanted long sword
 20370 | D:13     | Found a gate to the Vaults.
 20388 | D:13     | Killed an enchanted long sword
 21203 | D:13     | Noticed a centaur warrior
 21216 | D:13     | Killed a centaur warrior
 21367 | D:13     | Reached skill level 5 in Conjurations
 21384 | D:13     | Found Ziamuwn's Armour Boutique.
 21762 | D:13     | Learned a level 5 spell: Yara's Violent Unravelling
 21993 | D:14     | Noticed an eight-headed hydra
 22149 | D:14     | Noticed a centaur warrior
 22161 | D:14     | Killed a centaur warrior
 22161 | D:14     | Gained mutation: Your thick and shaggy fur keeps you warm.
                  | (AC +3, rC+) [Felid growth]
 22161 | D:14     | Reached XP level 12. HP: 31/51 MP: 16/25
 22252 | D:14     | Noticed a centaur warrior
 22262 | D:14     | Killed a centaur warrior
 22636 | D:14     | Noticed a centaur warrior
 22646 | D:14     | Killed a centaur warrior
 23158 | D:14     | Reached skill level 10 in Stealth
 23257 | D:14     | Killed an eight-headed hydra
 23444 | D:14     | Found a runed gate.
 23444 | D:14     | Found a runed gate.
 23450 | D:14     | Reached ***** piety under Vehumet
 23450 | D:14     | Offered knowledge of Spellforged Servitor by Vehumet.
 23452 | D:14     | Found a runed gate.
 23490 | D:14     | Noticed Jaiteiro's ghost (journeyman GnFi)
 23491 | D:14     | Found a roughly hewn altar of Beogh.
 23828 | D:14     | Found a shimmering altar of Xom.
 23874 | D:14     | Noticed a centaur warrior
 23877 | D:14     | Shot with an arrow by a centaur warrior
 23878 | D:14     | Reached XP level 11. HP: -7/47 MP: 15/25
 24067 | D:14     | Slain by a titanic slime creature
 24068 | D:14     | Reached XP level 10. HP: -4/44 MP: 23/24
 24216 | D:14     | Reached XP level 11. HP: 47/47 MP: 8/25
 24444 | D:15     | Entered Level 15 of the Dungeon
 24667 | D:15     | Noticed a two-headed ogre
 24684 | D:15     | Killed a two-headed ogre
 24763 | D:15     | Noticed Louise
 25529 | D:15     | Noticed a two-headed ogre
 25530 | D:15     | Noticed an unseen horror
 25530 | D:15     | Noticed a white ugly thing
 25536 | D:14     | Killed a two-headed ogre
 25759 | Lair:1   | Entered Level 1 of the Lair of Beasts
 25858 | Lair:1   | Noticed an eight-headed hydra
 25868 | Lair:1   | Killed an eight-headed hydra
 26552 | Lair:1   | Noticed a five-headed hydra
 26565 | Lair:1   | Killed a five-headed hydra
 26798 | Lair:1   | Reached XP level 12. HP: 15/51 MP: 24/26
 27076 | Lair:1   | Reached skill level 10 in Transmutations
 27205 | Lair:1   | Offered knowledge of Bolt of Cold by Vehumet.
 27549 | Lair:1   | Reached skill level 10 in Earth Magic
 27837 | Lair:2   | Reached skill level 10 in Dodging
 27994 | Lair:2   | Reached skill level 1 in Charms
 28037 | Lair:2   | Reached skill level 1 in Hexes
 28143 | Lair:2   | Found a staircase to the Shoals.
 28218 | Lair:2   | Noticed a death yak
 28246 | Lair:2   | Killed a death yak
 28393 | Lair:2   | Reached skill level 10 in Spellcasting
 28970 | Lair:2   | Noticed a four-headed hydra
 28995 | Lair:2   | Killed a four-headed hydra
 29369 | Lair:3   | Noticed Snorg
 29380 | Lair:3   | Killed Snorg
 29394 | Lair:3   | Reached skill level 1 in Air Magic
 30422 | Lair:4   | Found a staircase to the Snake Pit.
 30423 | Lair:4   | Reached skill level 11 in Stealth
 30584 | Lair:3   | Mangled by a komodo dragon

Skill      XL: |  1  2  3  4  5  6  7  8  9 10 11 12 |
---------------+-------------------------------------+-----
Dodging        | 3 4 5 6 7 8 10 | 10.1
Stealth        | 3 4 5 6 7 9 11 | 11.0
Earth Magic    | 3 4 5 6 7 8 10 | 10.2
Fighting       | 1 2 3 4 5 |  5.2
Unarmed Combat | 1 2 3 4 5 |  5.3
Spellcasting   | 3 4 5 6 7 8 10 | 10.0
Evocations     | 1 2 3 5 7 |  7.5
Conjurations   | 1 2 3 4 6 |  6.3
Transmutations | 2 4 7 8 10 | 10.3
Translocations | 2 5 8 7 |  8.9
Charms         | 1 |  1.5
Hexes          | 2 |  2.1
Air Magic      | 1 |  1.2

Action                   |  1- 3 |  4- 6 |  7- 9 | 10-12 || total
-------------------------+-------+-------+-------+-------++-------
Melee: Unarmed           |   135 |   216 |   284 |   523 ||  1158
       Bite              |     7 |    17 |    16 |    42 ||    82
       Punch             |       |     1 |     4 |    10 ||    15
 Cast: Sandblast         |    19 |    35 |    88 |   205 ||   347
       Stone Arrow       |       |     5 |    43 |   103 ||   151
       Petrify           |       |     3 |    30 |   180 ||   213
       Lee's Rapid Decon |       |       |     1 |    76 ||    77
       Searing Ray       |       |       |       |     3 ||     3
       Passwall          |       |       |       |     3 ||     3
       Apportation       |       |       |       |     1 ||     1
Evoke: Wand              |       |     3 |     6 |    19 ||    28
  Use: Potion            |       |     2 |       |     2 ||     4
       Scroll            |       |       |     1 |    17 ||    18
 Stab: Sleeping          |     4 |    12 |     6 |    31 ||    53
       Petrified         |       |     5 |    35 |   185 ||   225
       Paralysed         |       |       |     3 |     1 ||     4
       Distracted        |       |       |     2 |       ||     2
       Invisible         |       |       |     1 |       ||     1
       Petrifying        |       |       |       |     7 ||     7
  Eat: Chunk             |     9 |     7 |    24 |    73 ||   113
       Ration            |       |       |       |     2 ||     2
Armor: Skin              |     7 |    12 |    14 |    28 ||    61
Dodge: Dodged            |   110 |   212 |   289 |   583 ||  1194
